[Event "elllobregat Open Chess TnmT- 2nd Edition 2021"]
[Site "Castelldefels, Spain"]
[Date "2021.12.07"]
[Round "8.1"]
[White "Abdusattorov, Nodirbek"]
[Black "Safarli, Eltaj"]
[Result "1-0"]
[TimeControl "90min/40moves + 30min/end + 30sec increment per move starting from move 1"]
[WhiteTitle "GM"]
[BlackTitle "GM"]
[WhiteFideId "14204118"]
[BlackFideId "13402129"]
[WhiteElo "2646"]
[BlackElo "2579"]

1. e4 c5 2. Nf3 Nc6 3. Bb5 e6 4.
Nc3 Nge7 5. d4 cxd4 6. Nxd4 Ng6 7. Be3 Be7 8. Qd2 a6 9. Be2 Nxd4 10. Qxd4 O-O 11. Qb6 Qxb6 12. Bxb6 Bb4 13. O-O-O Bxc3 14. bxc3 d5 15.
exd5 exd5 16. Bf3 Be6 17. Bxd5 Bxd5 18. Rxd5 Rac8 19. Rd7 Nf4 20. Rxb7 Ne2+ 21. Kd2 Nxc3 22. Re1 Nxa2 23. Bc7 Nb4 24.
c4 Nc6 25. Kc3 a5 26. Rd1 Rfe8 27. Rd6 Ne5 28.
Rd5 Ng4 29. Bg3 h5 30. Rxh5 Re1 31. Rc7 Rc1+ 32. Kd4 Rd1+ 33. Kc5 Rxc7+ 34. Bxc7 Nf6 35. Rh3 Rd2 36. Rf3 a4 37. Kb4 Rc2 38. Rf4 Nd7 39. Rd4 Rb2+ 40.
Kxa4 Nc5+ 41. Ka3 Rc2 42. Bb6 Ne6 43. Re4 Kf8 44. Be3 Ke8 45. Kb3 Re2 46. Re5 Kd7 47. Ra5 Kd6 48. h4 Re1 49.
h5 f6 50. Kc3 Rh1 51. Kd3 Rh4 52. g3 Rg4 53. Ra6+ Ke7 54. Rxe6+ Kxe6 55. Bf4 Ke5 56. Ke4+ Kd5+ 1-0

[Event "elllobregat Open Chess TnmT- 2nd Edition 2021"]
[Site "Castelldefels, Spain"]
[Date "2021.12.07"]
[Round "8.2"]
[White "Santos Latasa, Jaime"]
[Black "Aditya, Mittal"]
[Result "1/2-1/2"]
[TimeControl "90min/40moves + 30min/end + 30sec increment per move starting from move 1"]
[WhiteTitle "GM"]
[BlackTitle "IM"]
[WhiteFideId "2293307"]
[BlackFideId "35042025"]
[WhiteElo "2633"]
[BlackElo "2459"]

1. e4 c5 2. Nf3 Nc6 3. Nc3 e5 4. Bc4 Be7 5. d3 d6 6. h3 Nf6 7. Nh2 a6 8. a4 Be6 9. Ng4 Nb4 10. Ne3 d5 11. exd5 Nfxd5 12. Nexd5 Nxd5 13. Qf3 Nxc3 14. Bxe6 fxe6 15. bxc3 Qd5 16. Qg4 O-O 17. c4 h5 18. cxd5 hxg4 19. dxe6 gxh3 20. Rxh3 Rf6 21. Rb1 Rb8 22.
Re3 Rxe6 23. Re4 b5 24. Ke2 Kf7 25. Be3 Rbb6 26. Kd2 Bd6 27. axb5 axb5 28. Rc4 Rb8 29. Rc3 e4 30.
Bxc5 b4 31. Rc4 Bxc5 32. Rxc5 Rf6 33. Rc7+ Kg8 34. Ke2 exd3+ 35. cxd3 Re8+ 36. Kf1 Rh6 37. Kg1 Re2 38. Rb7 Rd2 39. R7xb4 Rxd3 40. Rf4 Rf6 41.
Rxf6 gxf6 42. Rb7 Rd2 43. f3 Rd5 44. Kh2 Rh5+ 45. Kg3 Rg5+ 46. Kf2 Ra5 47. Ke3 Rg5 48. Kf2 Ra5 49. g3 Ra2+ 50. Ke3 Ra4 51. Rc7 Kf8 52. f4 Ra3+ 53. Kf2 Kg8 54. Kg2 Ra2+ 55. Kh3 Ra5 56. Kh4 Rb5 57. g4 Ra5 58. f5 Ra1 59. Kh5 Rg1 60. Ra7 Rg2 61. Kg6 Rxg4+ 62. Kxf6 Rf4 63. Ra8+ Kh7 64.
Rf8 Ra4 65. Re8 Rf4 66. Re5 Kg8 67. Rd5 Rf1 68. Rd8+ Kh7 69. Rd7+ Kg8 70. Rg7+ Kf8 71.
Ra7 Kg8 72. Ra8+ Kh7 73. Re8 Rf2 74.
Rf8 Ra2 75. Rf7+ Kg8 76. Re7 Rf2 77. Re8+ Kh7 78. Ke6 Kg7 79.
Re7+ Kg8 80. Rb7 Re2+ 81. Kf6 Rf2 82. Rb8+ Kh7 83. Rb7+ Kg8 1/2-1/2

[Event "elllobregat Open Chess TnmT- 2nd Edition 2021"]
[Site "Castelldefels, Spain"]
[Date "2021.12.07"]
[Round "8.3"]
[White "Meshkovs, Nikita"]
[Black "Erigaisi, Arjun"]
[Result "1/2-1/2"]
[TimeControl "90min/40moves + 30min/end + 30sec increment per move starting from move 1"]
[WhiteTitle "GM"]
[BlackTitle "GM"]
[WhiteFideId "11602740"]
[BlackFideId "35009192"]
[WhiteElo "2557"]
[BlackElo "2627"]

1. c4 e6 2. g3 d5 3. Bg2 Nf6 4. Nf3 dxc4 5. Qa4+ Nbd7 6. Qxc4 c5 7. d3 Bd6 8. a4 b6 9. Nfd2 Rb8 10. Nc3 Ne5 11. Qb3 Qd7 12. Nde4 Nxe4 13. Nxe4 Bc7 14. Qb5 Bb7 15. Qxd7+ Kxd7 16. O-O Bxe4 17. Bxe4 Nc6 18. Bd2 Nd4 19. Rae1 Be5 20. Bc3 Bf6 21. e3 Nc6 22. Bxf6 gxf6 23. Rc1 Rbc8 24. Rfd1 f5 25. Bf3 Rhd8 26. Kf1 Ne5 27. Bb7 Rc7 28. Ba6 Nc6 29. Bb5 Ke7 30. Bxc6 Rxc6 31. Rc4 Rcd6 32. Ke2 e5 33. Rd2 Rh6 34. b4 cxb4 35. Rxb4 Rxh2 36. Rb5 f6 37. a5 Rd6 38. axb6 axb6 39. Rdb2 h5 40. Rxb6 Rxb6 41.
Rxb6 h4 42. gxh4 Rxh4 1/2-1/2

[Event "elllobregat Open Chess TnmT- 2nd Edition 2021"]
[Site "Castelldefels, Spain"]
[Date "2021.12.07"]
[Round "8.4"]
[White "Muradli, Mahammad"]
[Black "Puranik, Abhimanyu"]
[Result "1/2-1/2"]
[TimeControl "90min/40moves + 30min/end + 30sec increment per move starting from move 1"]
[WhiteTitle "IM"]
[BlackTitle "GM"]
[WhiteFideId "13409301"]
[BlackFideId "5061245"]
[WhiteElo "2501"]
[BlackElo "2604"]

1. d4 Nf6 2. c4 e6 3. Nf3 d5 4. Bg5 h6 5. Bh4 Bb4+ 6. Nc3 dxc4 7. Qa4+ Nc6 8. e3 Bd7 9. Qc2 b5 10.
a4 a6 11. Bxf6 gxf6 12. g3 Be7 13. Be2 Nb4 14. Qd2 c5 15. axb5 axb5 16. O-O Bc6 17. dxc5 Bxc5 18. Rxa8 Qxa8 19.
Nd4 Qd8 20. Rd1 O-O 1/2-1/2

[Event "elllobregat Open Chess TnmT- 2nd Edition 2021"]
[Site "Castelldefels, Spain"]
[Date "2021.12.07"]
[Round "8.5"]
[White "Vetoshko, Volodymyr"]
[Black "Ponomariov, Ruslan"]
[Result "1/2-1/2"]
[TimeControl "90min/40moves + 30min/end + 30sec increment per move starting from move 1"]
[WhiteTitle "GM"]
[BlackTitle "GM"]
[WhiteFideId "14122480"]
[BlackFideId "14103320"]
[WhiteElo "2525"]
[BlackElo "2633"]

1. e4 c6 2. d4 d5 3. e5 Bf5 4. Nd2 e6 5. Nb3 Ne7 6. Nf3 Nd7 7. Be2 Nc8 8. a4 Be7 9. O-O O-O 10. a5 a6 11. Be3 Na7 12. c3 Qc7 13. Rc1 c5 14. Nxc5 Nxc5 15. dxc5 Bxc5 16.
Bxc5 Qxc5 17. Nd4 Bg6 18. Qb3 Rab8 19. Qb4 Qc7 20. f4 Nc6 21. Qb6 Rfc8 22. Qxc7 Rxc7 23. Nxc6 Rxc6 24. Kf2 b6 25.
axb6 Rcxb6 26. b4 d4 27. cxd4 Rxb4 28.
Bxa6 Rxd4 29. Kg1 h5 30. Rc8+ Rxc8 31. Bxc8 Be4 32. Ba6 h4 33. Be2 Bd5 34. g3 Rd2 35. Re1 hxg3 1/2-1/2

[Event "elllobregat Open Chess TnmT- 2nd Edition 2021"]
[Site "Castelldefels, Spain"]
[Date "2021.12.07"]
[Round "8.6"]
[White "Karthikeyan, Murali"]
[Black "Krzyzanowski, Marcin"]
[Result "1-0"]
[TimeControl "90min/40moves + 30min/end + 30sec increment per move starting from move 1"]
[WhiteTitle "GM"]
[BlackTitle "GM"]
[WhiteFideId "5074452"]
[BlackFideId "1132199"]
[WhiteElo "2630"]
[BlackElo "2510"]

1. e4 e6 2. d4 d5 3. Nc3 dxe4 4. Nxe4 Bd7 5. Nf3 Bc6 6. Bd3 Nd7 7.
Qe2 Ngf6 8. Ng3 Be7 9. O-O Bxf3 10. Qxf3 c6 11. Re1 O-O 12. c3 Re8 13. Bc2 a5 14. Bd2 Qb6 15. Rab1 Rad8 16. a3 Bf8 17. h4 e5 18. Nf5 exd4 19. cxd4 Rxe1+ 20. Bxe1 g6 21. Qg3 Re8 22. Bc3 Ne4 23. Bxe4 Rxe4 24. Qg5 Qb5 25. Nh6+ Bxh6 26. Qxh6 Qd5 27. f3 Re8 28.
Qg5 f5 29. h5 Kf7 30. hxg6+ hxg6 31. Kf2 b5 32. Rh1 Nf8 33. Rh4 a4 34. Bb4 Ne6 35. Rh7+ Ng7 36. Kg3 f4+ 37. Kxf4 Re2 38. Qxd5+ cxd5 39. Bc3 Kg8 40. Rh2 Nh5+ 41. Kg5 Kg7 42. Bb4 Rxb2 43. Bd6 Kf7 44. Kh6 Rc2 45. Be5 b4 46. axb4 a3 47. Rh1 a2 48. g4 Rb2 49. Rc1 Rb1 50. Rc7+ Ke6 51. Rc6+ Kf7 52. Rc7+ Ke6 53. Ra7 a1=Q 54. Rxa1 Rxa1 55.
Kxg6 Ng3 56. Bxg3 Ra3 57. b5 Rxf3 58.
Bc7 Kd7 59. b6 Rd3 60. Be5 Rb3 61. Kf7 Rxb6 62. g5 Rb7 63. g6 Kc6+ 64. Kf6 Ra7 65. g7 Ra8 66. Kf7 Ra7+ 67.
Kg6 Ra8 68. Kh7 1-0

[Event "elllobregat Open Chess TnmT- 2nd Edition 2021"]
[Site "Castelldefels, Spain"]
[Date "2021.12.07"]
[Round "8.7"]
[White "Suarez Uriel, Adrian"]
[Black "Sethuraman, S.P."]
[Result "0-1"]
[TimeControl "90min/40moves + 30min/end + 30sec increment per move starting from move 1"]
[WhiteTitle "IM"]
[BlackTitle "GM"]
[WhiteFideId "22230874"]
[BlackFideId "5021596"]
[WhiteElo "2343"]
[BlackElo "2620"]

1. e4 g6 2. d4 Bg7 3. Nc3 d6 4.
Be3 a6 5. g4 Nd7 6. Bg2 h5 7. gxh5 Rxh5 8. f4 Nb6 9. Qe2 Nf6 10. Nf3 d5 11. e5 Ng4 12. O-O-O Nxe3 13. Qxe3 c6 14. b3 e6 15. h4 Qe7 16. Nb1 Bd7 17. Ng5 O-O-O 18. Bf3 Rh6 19. Qc3 f6 20. exf6 Qxf6 21. Qc5 Qxf4+ 22. Kb2 Rxh4 23. Rxh4 Qxh4 24. Nf7 Rf8 25.
Ne5 Qd8 26. Bg4 Bxe5 27. dxe5 Rf4 28. Rg1 Na8 29. Rg2 Qh8 30. Qd6 Nc7 31. Nc3 Ne8 32. Qc5 Qxe5 33. Re2 Qf6 34. Bh3 Rf3 35. Bg2 b6 36. Qb4 a5 37. Qxb6 Qxc3+ 38. Kb1 Rf4 0-1

[Event "elllobregat Open Chess TnmT- 2nd Edition 2021"]
[Site "Castelldefels, Spain"]
[Date "2021.12.07"]
[Round "8.8"]
[White "Yuffa, Daniil"]
[Black "Pantzar, Milton"]
[Result "1-0"]
[TimeControl "90min/40moves + 30min/end + 30sec increment per move starting from move 1"]
[WhiteTitle "GM"]
[BlackTitle "IM"]
[WhiteFideId "24131423"]
[BlackFideId "1721003"]
[WhiteElo "2567"]
[BlackElo "2441"]

1. e4 c6 2. d4 d5 3. e5 c5 4. Nf3 cxd4 5. Qxd4 Nc6 6. Qf4 e6 7. Nc3 Nge7 8. Bd3 Ng6 9. Qg3 Nb4 10.
h4 Nxd3+ 11. cxd3 h6 12. O-O Ne7 13. Nd4 Nc6 14. Be3 Nxd4 15. Bxd4 Bd7 16. a4 g6 17. Nxd5 Bg7 18. Nc3 O-O 19.
Bc5 Re8 20. Ne4 Bc6 21. Nd6 Re7 22. a5 Rd7 23. d4 Kh7 24. Rfe1 Bd5 25. Nb5 b6 26. axb6 axb6 27. Bd6 Ra5 28.
Nc3 Qa8 29. Rac1 Rda7 30. Kh2 Rd7 31. Re3 Bb7 32. Ne2 Ra1 33. Ra3 Rxa3 34. bxa3 Qa5 35. Rc3 Qb5 36. Nf4 Qb1 37. h5 Qf5 38.
hxg6+ fxg6 39. Rb3 g5 40. Nh5 g4 41. Qh4 Rf7 42. Rg3 Qg5 43. Qxg4 Qxg4 44. Rxg4 Bd5 45. Nf4 Bc4 46. d5 Bxd5 47.
Nxd5 exd5 48. Kg3 Rd7 49. Kf3 h5 50. Rb4 Kg6 51. Ke3 Kf5 52. Rh4 Bxe5 53. Rxh5+ Kg6 54. Rxe5 Rxd6 55. Kd4 Rc6 56.
Kxd5 Rc2 57. f4 Ra2 58. g4 Rxa3 59. Re6+ Kf7 60. Rxb6 Ra5+ 61. Ke4 Ra4+ 62. Kf3 Ra3+ 63. Kf2 Rc3 64.
Rb5 Kf6 65. Rf5+ Kg6 66. Re5 1-0